 Dungeon Crawl Stone Soup version 0.26.1-13-g052cdd8df3 (webtiles) character file.

Game seed: 15094612670295759242

26 alasdair19 the Chucker (level 2, 0/25 HPs)
             Began as a Minotaur Hunter on Dec 2, 2021.
             Slain by a hobgoblin
             ... wielding a +0 club
             ... led by Robin
              (5 damage)
             ... on level 2 of the Dungeon on Jan 15, 2022.
             The game lasted 00:11:31 (803 turns).

alasdair19 the Chucker (Minotaur Hunter)             Turns: 803, Time: 00:11:32

Health: 0/25       AC:  5    Str: 16    XL:     2   Next: 89%
Magic:  1/1        EV:  8    Int:  8    God:
Gold:   12         SH:  0    Dex: 10    Spells: 1/1 levels left

rFire    . . .     SeeInvis .   k - +1 whip (drain)
rCold    . . .     Faith    .   (no shield)
rNeg     . . .     Spirit   .   i - +0 ring mail
rPois    .         Reflect  .   (helmet restricted)
rElec    .         Harm     .   (no cloak)
rCorr    .         Rampage  .   (no gloves)
Will     .....                  (no boots)
Stlth    +.........             (no amulet)
HPRegen  0.08/turn              (no ring)
MPRegen  0.07/turn              (no ring)

@: constricted
A: retaliatory headbutt, horns 2
a: no special abilities


You were on level 2 of the Dungeon.
You visited 1 branch of the dungeon, and saw 2 of its levels.

You collected 12 gold pieces.

Inventory:

Hand Weapons
 c - a +0 short sword
 k - a +1 whip of draining (weapon)
Missiles
 a - 6 javelins (quivered)
 d - 2 throwing nets
 h - 23 stones
Armour
 b - a +0 leather armour
 i - a +0 ring mail (worn)
Scrolls
 e - a scroll of random uselessness {unknown}
 f - a scroll of amnesia {unknown}
 m - 2 scrolls of teleportation {unknown}
Potions
 g - a potion of invisibility {unknown}
 j - a potion of magic {unknown}
 l - a potion of curing {unknown}


   Skills:
 + Level 2.7 Fighting
 + Level 0.2 Short Blades
 + Level 0.2 Maces & Flails
 + Level 4.4 Throwing
 + Level 0.7 Armour
 + Level 2.6 Dodging
 + Level 0.7 Stealth


You had one spell level left.
You didn't know any spells.
Your spell library was empty.

Dungeon Overview and Level Annotations

Branches:
Dungeon (2/15)

Altars:

Annotations:
D:2 Robin


Innate Abilities, Weirdness & Mutations

You reflexively headbutt those who attack you in melee.
You have a pair of horns on your head.


Message History

The ball python bites you but does no damage.
The ball python constricts you.
The hobgoblin hits you but does no damage.
You hit the hobgoblin but do no damage. The hobgoblin hits you.
* * * LOW HITPOINT WARNING * * *
The goblin closely misses you. The hobgoblin completely misses you.
The ball python barely misses you.
* * * LOW HITPOINT WARNING * * *
The ball python constricts you.
The hobgoblin hits you but does no damage.
Number of times to repeat, then command key: You must enter the number of times for the command to repeat.
You hit the hobgoblin but do no damage. You drain the hobgoblin.
The hobgoblin is moderately wounded.
The hobgoblin barely misses you. The goblin misses you.
The ball python bites you but does no damage.
* * * LOW HITPOINT WARNING * * *
The ball python constricts you. The hobgoblin closely misses you.
The hobgoblin hits you with a +0 club.
You die...

#........†..##
###.....<#..#
#......#.##
#........#
#...)..#.#
#...)..#.#
####g.##.#
#gg...##
#@gg...#
#gSg...#
.Kgg.....
#.........
........#.
##.#.....# ..
......# ..
...>..#


You could see Robin, 4 hobgoblins, 4 goblins, a ball python and a kobold.

Vanquished Creatures
  2 leopard geckos
  2 bats
  2 giant cockroaches
  5 hobgoblins
  3 kobolds
  A frilled lizard (D:1)
  4 goblins
  A rat (D:1)
20 creatures vanquished.

Vanquished Creatures (others)
  A plant (D:1)
1 creature vanquished.

Grand Total: 21 creatures vanquished

Notes
Turn   | Place    | Note
-------+----------+-------------------------------------------
     0 | D:1      | alasdair19 the Minotaur Hunter began the quest for the Orb.
     0 | D:1      | Reached XP level 1. HP: 18/18 MP: 0/0
   164 | D:1      | Reached XP level 2. HP: 25/25 MP: 1/1
   747 | D:2      | Upgraded the game from 0.26.1-12-g5ba1501909 to
                  | 0.26.1-13-g052cdd8df3
   794 | D:2      | Noticed Robin
   797 | D:2      | Noticed a bullfrog
   803 | D:2      | Slain by a hobgoblin

Illustrated notes

Levels and vault maps discovered:
D:1:      lightli_arrival_statuegarden, layout_rooms, chequers_big_river
D:2:      layout_rooms, grunt_temple_overflow_forces_of_nature,
          old_standard_altar, minmay_randomly_rotated_circles, uniq_robin

Action                   || total
-------------------------++-------
Melee: Short sword       ||    29
       Headbutt          ||     3
       Whip              ||    20
Throw: Javelin           ||     3
Armor: Leather armour    ||     8
       Ring mail         ||    21
Dodge: Dodged            ||    44
